 Dungeon Crawl Stone Soup version 0.26-a0-738-g91b530ce93 (webtiles) character file.

Game seed: 18160483656839445023

21015 Gargoyl the Fighter (level 12, -2/97 HPs)
             Began as a Gnoll Abyssal Knight on Nov 5, 2020.
             Was an Elder of Lugonu.
             Slain by a swamp worm (15 damage)
             ... on level 2 of the Lair of Beasts.
             The game lasted 00:21:20 (18218 turns).

Gargoyl the Fighter (Gnoll Abyssal Knight)         Turns: 18218, Time: 00:21:21

Health: -2/97      AC: 16    Str: 18    XL:     12   Next: 85%
Magic:  19/23      EV:  8    Int: 17    God:    Lugonu [****..]
Gold:   218        SH: 11    Dex: 16    Spells: 26/26 levels left

rFire    + . .     SeeInvis .   d - +3 falchion (elec)
rCold    . . .     Faith    .   w - +0 kite shield
rNeg     . . .     Spirit   .   u - +0 plate armour
rPois    +         Reflect  .   (helmet restricted)
rElec    .         Harm     .   y - +0 cloak {rPois}
rCorr    .         Rampage  .   s - +0 pair of gloves
MR       .....                  (no boots)
Stlth    ..........             (no amulet)
HPRegen  0.26/turn              (no ring)
MPRegen  0.18/turn              n - ring of protection from fire

@: hasted, very quick
A: distributed training, fangs 1, horns 1, clever 1, strong nose
a: Depart the Abyss, Bend Space, Banish, Corrupt, Renounce Religion


You were on level 2 of the Lair of Beasts.
You worshipped Lugonu.
Lugonu was greatly pleased with you.
You visited 2 branches of the dungeon, and saw 11 of its levels.
You visited the Abyss 1 time.

You collected 753 gold pieces.
You spent 535 gold pieces at shops.

Inventory:

Hand Weapons
 a - a +1 hand axe
 b - a +0 broad axe
 d - a +3 falchion of electrocution (weapon)
 v - a +3 long sword
Missiles
 h - 62 poisoned darts (quivered)
Armour
 i - a +1 helmet
 s - a +0 pair of gloves (worn)
 u - a +0 plate armour (worn)
 w - a +0 kite shield (worn)
 y - a +0 cloak of poison resistance (worn)
Jewellery
 n - a ring of protection from fire (right hand)
 q - an uncursed ring of ice
 z - an uncursed ring of flight
Wands
 o - a wand of iceblast (8)
 x - a wand of polymorph (8)
Scrolls
 c - 3 scrolls of identify
 e - 5 scrolls of remove curse
 m - 2 scrolls of fog
 p - a scroll of enchant armour
Potions
 g - 2 potions of stabbing
 j - a potion of haste
 k - 3 potions of flight
 l - a potion of brilliance
 r - a potion of magic
 t - a potion of curing


   Skills:
 + Level 10.1 Fighting
 + Level 7.7 Short Blades
 + Level 7.7 Long Blades
 + Level 9.0 Axes
 + Level 7.7 Maces & Flails
 + Level 7.7 Polearms
 + Level 7.7 Staves
 + Level 7.7 Slings
 + Level 7.7 Bows
 + Level 7.7 Crossbows
 + Level 7.7 Throwing
 + Level 9.0 Armour
 + Level 8.1 Dodging
 + Level 7.7 Stealth
 + Level 7.7 Shields
 + Level 7.7 Unarmed Combat
 + Level 7.7 Spellcasting
 + Level 6.3 Conjurations
 + Level 6.3 Hexes
 + Level 6.3 Summonings
 + Level 6.3 Necromancy
 + Level 6.3 Translocations
 + Level 6.3 Transmutations
 + Level 6.3 Fire Magic
 + Level 6.3 Ice Magic
 + Level 6.3 Air Magic
 + Level 6.3 Earth Magic
 + Level 6.3 Poison Magic
 + Level 9.6 Invocations
 + Level 7.7 Evocations


You had 26 spell levels left.
You didn't know any spells.
Your spell library contained the following spells:

 Spells                   Type           Power        Failure   Level
 Sandblast                Erth           ####..       45%         1
 Passwall                 Tmut/Erth      ####....     58%         2
 Stone Arrow              Conj/Erth      ####..       83%         3
 Petrify                  Tmut/Erth      ####....     99%         4
 Lee's Rapid Deconstruct  Erth           ####......   100%        5


Dungeon Overview and Level Annotations

Branches:
Dungeon (9/15)             Temple (0/1) D:5            Lair (2/6) D:8
  Swamp (0/4) Lair:2
  Snake: Lair:2-4    Spider: Lair:2-4       Orc: D:9-12

Altars:
Dithmenos
Ru
Sif Muna
Vehumet
Yredelemnul
The Shining One
Jiyva

Shops:
D:4 ?(*   D:5 *   D:7 :[   D:9 *

Annotations:
D:5 1 runed translucent door, gouglew's ghost, amateur GnWz
D:8 1 runed translucent door


Innate Abilities, Weirdness & Mutations

Your experience applies equally to all skills.
You have very sharp teeth.
Your uncanny sense of smell can sniff out nearby items.
You have a pair of small horns on your head.
Your mind is acute. (Int +2)


Message History

Your headbutt misses the swamp worm. Your bite misses the swamp worm.
The swamp worm is almost dead.
The swamp worm bites you!
* * * LOW HITPOINT WARNING * * *
You closely miss the swamp worm.
You bite the swamp worm, but do no damage.
The swamp worm is almost dead.
The swamp worm bites you!
* * * LOW HITPOINT WARNING * * *
You hit the swamp worm.
Lightning courses through the swamp worm!
You kill the swamp worm!
Lugonu accepts your kill.
Press: ? - help, Shift-Dir - straight line, f - tyrant leech
Aim: a tyrant leech (moderately wounded, chance to defeat MR: 73%)
The tyrant leech is devoured by a tear in reality.
Lugonu claims a new guest.
You can no longer gate yourself to the Abyss.
The swamp worm bites you!
You die...

#.......#### ##P..#..#.##.#...
...........# #........####....
..........# ##(........##.....
......####.. ##..........#.##...
.##.#..#### #....).......♣#♣...
######..#.### ##...........♣ ♣♣♣.
#....##..#####.........♣♣♣♣≈♣♣
#..........###§........♣≈§§≈≈♣
.............##§@w.........§§§≈§♣
.............####.........♣§≈≈§♣♣
..............# #.........♣♣≈§≈♣♣
..............# ####.#.....♣♣♣♣♣.
..............###................
.................................
.......................^.........
.................................
.................................


You could see a swamp worm.

Vanquished Creatures
  Fannar (Lair:2)
  Harold (D:7)
  17 elephants
  2 cane toads (D:8)
  Maggie (D:6)
  4 komodo dragons
  A hornet (D:9)
  8 blink frogs
  Grinder (D:6)
  A meliai zombie (D:8)
  A spriggan (Lair:2)
  Sigmund (D:2)
  Eustachio (D:4)
  13 yaks
  Menkaure (D:6)
  2 swamp worms (Lair:2)
  4 water moccasins
  2 orc warriors
  A sky beast (D:5)
  2 black bears
  2 phantoms
  5 centaurs
  5 ogres
  3 big kobolds
  8 bullfrogs
  A water moccasin zombie (D:8)
  4 scorpions
  4 killer bees (D:8)
  17 wights
  4 howler monkeys
  An electric eel (Lair:1)
  A centaur zombie (D:9)
  10 jellies
  A quasit (D:6)
  A bullfrog skeleton (D:4)
  A bullfrog zombie (D:8)
  5 orc priests
  6 hounds
  Crazy Yiuf (D:6)
  2 centaur skeletons
  4 iguanas
  3 worker ants
  5 orc wizards
  Terence (D:3)
  A killer bee zombie (D:5)
  2 hound skeletons
  A hound zombie (D:5)
  A worker ant zombie (D:9)
  Robin (D:2)
  4 gnolls (D:7)
  6 adders
  A shadow imp (D:9)
  3 white imps
  An ufetubus (D:6)
  6 oozes
  An adder skeleton (D:4)
  2 worms
  4 dart slugs
  4 leopard geckos
  22 orcs
  6 ball pythons
  7 bats
  10 giant cockroaches
  14 hobgoblins
  9 jackals
  9 quokkas
  A ball python skeleton (D:4)
  7 frilled lizards
  11 goblins
  A jackal skeleton (D:4)
  23 kobolds
  3 leopard gecko skeletons
  A quokka skeleton (D:7)
  9 rats
  A butterfly (Lair:1)
332 creatures vanquished.

Vanquished Creatures (others)
  A howler monkey zombie (D:7)
  69 fungi
  107 plants
177 creatures vanquished.

Grand Total: 509 creatures vanquished

Notes
Turn   | Place    | Note
-------+----------+-------------------------------------------
     0 | Abyss:1  | Gargoyl the Gnoll Abyssal Knight began the quest for the
                  | Orb.
     0 | Abyss:1  | Reached XP level 1. HP: 23/23 MP: 3/3
    60 | Abyss:1  | Found a corrupted altar of Lugonu.
    61 | Abyss:1  | Found a corrupted altar of Lugonu.
    92 | Abyss:1  | Found a corrupted altar of Lugonu.
    96 | Abyss:1  | Found a corrupted altar of Lugonu.
   151 | Abyss:2  | Noticed a freezing wraith
   155 | D:1      | Escaped the Abyss
   322 | D:1      | Reached * piety under Lugonu
   456 | D:1      | Reached XP level 2. HP: 29/29 MP: 5/5
  1044 | D:1      | Reached XP level 3. HP: 35/35 MP: 6/6
  1605 | D:2      | Found a radiant altar of Vehumet.
  1648 | D:2      | Reached ** piety under Lugonu
  1685 | D:2      | Reached skill level 1 in Short Blades
  1685 | D:2      | Reached skill level 1 in Long Blades
  1685 | D:2      | Reached skill level 1 in Maces & Flails
  1685 | D:2      | Reached skill level 1 in Polearms
  1685 | D:2      | Reached skill level 1 in Staves
  1685 | D:2      | Reached skill level 1 in Slings
  1685 | D:2      | Reached skill level 1 in Bows
  1685 | D:2      | Reached skill level 1 in Crossbows
  1685 | D:2      | Reached skill level 1 in Throwing
  1685 | D:2      | Reached skill level 1 in Stealth
  1685 | D:2      | Reached skill level 1 in Shields
  1685 | D:2      | Reached skill level 1 in Unarmed Combat
  1685 | D:2      | Reached skill level 1 in Spellcasting
  1685 | D:2      | Reached skill level 1 in Evocations
  1743 | D:2      | Reached XP level 4. HP: 41/41 MP: 7/7
  2008 | D:2      | Noticed Robin
  2021 | D:2      | Killed Robin
  2021 | D:2      | Reached skill level 1 in Conjurations
  2021 | D:2      | Reached skill level 1 in Hexes
  2021 | D:2      | Reached skill level 1 in Summonings
  2021 | D:2      | Reached skill level 1 in Necromancy
  2021 | D:2      | Reached skill level 1 in Translocations
  2021 | D:2      | Reached skill level 1 in Transmutations
  2021 | D:2      | Reached skill level 1 in Fire Magic
  2021 | D:2      | Reached skill level 1 in Ice Magic
  2021 | D:2      | Reached skill level 1 in Air Magic
  2021 | D:2      | Reached skill level 1 in Earth Magic
  2021 | D:2      | Reached skill level 1 in Poison Magic
  2172 | D:2      | Noticed Sigmund
  2273 | D:2      | Killed Sigmund
  2273 | D:2      | Reached skill level 5 in Invocations
  2273 | D:2      | Reached XP level 5. HP: 24/47 MP: 8/8
  2273 | D:2      | Reached XP level 6. HP: 27/53 MP: 9/9
  3013 | D:3      | Found a shadowy altar of Dithmenos.
  3022 | D:3      | Reached skill level 5 in Axes
  3022 | D:3      | Reached skill level 5 in Armour
  3332 | D:3      | Reached *** piety under Lugonu
  3516 | D:3      | Noticed Terence
  3521 | D:3      | Killed Terence
  3944 | D:4      | Reached XP level 7. HP: 20/59 MP: 10/10
  4204 | D:4      | Found Ebanason's Assorted Antiques.
  4215 | D:4      | Reached skill level 7 in Fighting
  4482 | D:4      | Found Meapn's Weapon Shoppe.
  4493 | D:4      | Bought a +0 broad axe for 40 gold pieces
  4752 | D:4      | You fall into a shaft and drop 1 floor!
  4752 | D:5      | Entered Level 5 of the Dungeon
  4791 | D:5      | Noticed Eustachio
  5038 | D:6      | Noticed Maggie
  5052 | D:6      | Killed Maggie
  5052 | D:6      | Reached XP level 8. HP: 52/67 MP: 12/12
  5226 | D:6      | Noticed Grinder
  5243 | D:5      | Found a staircase to the Ecumenical Temple.
  5279 | D:4      | Killed Eustachio
  5457 | D:4      | Found Sataen's Magic Scroll Emporium.
  5460 | D:4      | Bought a scroll of enchant weapon for 75 gold pieces
  5916 | D:5      | Found Foef's General Store.
  5921 | D:5      | Bought a +0 pair of gloves for 63 gold pieces
  5979 | D:5      | Reached XP level 9. HP: 69/72 MP: 14/14
  6005 | D:5      | Found a runed translucent door.
  6005 | D:5      | Noticed gouglew's ghost (amateur GnWz)
  6206 | D:6      | Reached **** piety under Lugonu
  6596 | D:6      | Reached skill level 5 in Dodging
  6833 | D:6      | Noticed Menkaure
  6840 | D:6      | Killed Menkaure
  7042 | D:6      | Found a runed translucent door.
  7043 | D:6      | Noticed Crazy Yiuf
  7161 | D:6      | Paralysed by Grinder for 3 turns
  7168 | D:6      | Killed Grinder
  7168 | D:6      | Reached skill level 8 in Fighting
  7231 | D:6      | Killed Crazy Yiuf
  7763 | D:7      | Noticed Harold
  7780 | D:7      | Killed Harold
  7780 | D:7      | Reached skill level 5 in Short Blades
  7780 | D:7      | Reached skill level 5 in Long Blades
  7780 | D:7      | Reached skill level 5 in Maces & Flails
  7780 | D:7      | Reached skill level 5 in Polearms
  7780 | D:7      | Reached skill level 5 in Staves
  7780 | D:7      | Reached skill level 5 in Slings
  7780 | D:7      | Reached skill level 5 in Bows
  7780 | D:7      | Reached skill level 5 in Crossbows
  7780 | D:7      | Reached skill level 5 in Throwing
  7780 | D:7      | Reached skill level 5 in Stealth
  7780 | D:7      | Reached skill level 5 in Shields
  7780 | D:7      | Reached skill level 5 in Unarmed Combat
  7780 | D:7      | Reached skill level 5 in Spellcasting
  7780 | D:7      | Reached skill level 5 in Evocations
  7780 | D:7      | Reached XP level 10. HP: 48/81 MP: 17/17
  8118 | D:6      | HP: 4/82 [orc warrior/+0 mace of draining (5)]
  8730 | D:7      | Found Ilownor's Book Shop.
  8831 | D:7      | Found Liwnoin's Antique Armour Emporium.
  8839 | D:7      | Bought a kite shield for 117 gold pieces
  8951 | D:7      | Found a glowing golden altar of the Shining One.
  8956 | D:7      | Found a basalt altar of Yredelemnul.
  8958 | D:7      | Noticed a profane servitor
  9044 | D:7      | Noticed an angel
  9911 | D:8      | Found a sacrificial altar of Ru.
  9915 | D:8      | Found a runed translucent door.
  9917 | D:8      | Noticed a sixfirhy
 10623 | D:8      | Found a staircase to the Lair.
 10637 | D:8      | Found a shimmering blue altar of Sif Muna.
 10662 | D:8      | Identified Sif Muna's Papyrus of Confrontation
 10881 | D:9      | Noticed a red ugly thing
 10906 | D:8      | Banished a red ugly thing
 11251 | D:9      | Reached XP level 11. HP: 54/87 MP: 19/19
 11410 | D:9      | Got a faintly humming kite shield
 11421 | D:9      | Identified the cursed +0 kite shield "Niuruo" {Int+4} (You
                  | found it on level 9 of the Dungeon)
 11794 | D:9      | Found a viscous altar of Jiyva.
 11810 | D:9      | Reached skill level 9 in Fighting
 12214 | D:9      | Reached skill level 5 in Conjurations
 12214 | D:9      | Reached skill level 5 in Hexes
 12214 | D:9      | Reached skill level 5 in Summonings
 12214 | D:9      | Reached skill level 5 in Necromancy
 12214 | D:9      | Reached skill level 5 in Translocations
 12214 | D:9      | Reached skill level 5 in Transmutations
 12214 | D:9      | Reached skill level 5 in Fire Magic
 12214 | D:9      | Reached skill level 5 in Ice Magic
 12214 | D:9      | Reached skill level 5 in Air Magic
 12214 | D:9      | Reached skill level 5 in Earth Magic
 12214 | D:9      | Reached skill level 5 in Poison Magic
 12476 | D:9      | Reached ***** piety under Lugonu
 12580 | D:9      | Found a shadowy altar of Dithmenos.
 12601 | D:9      | Found Efovigor's Assorted Antiques.
 12712 | D:9      | Bought a runed cloak for 240 gold pieces
 12844 | Lair:1   | Entered Level 1 of the Lair of Beasts
 13215 | D:8      | Gained mutation: You have a pair of small horns on your
                  | head. [potion of mutation]
 13215 | D:8      | Gained mutation: Your mind is acute. (Int +2) [potion of
                  | mutation]
 15176 | Lair:1   | Reached XP level 12. HP: 64/96 MP: 22/22
 16718 | Lair:2   | Noticed a dire elephant
 17725 | Lair:2   | Noticed a four-headed hydra
 17729 | Lair:2   | Banished a four-headed hydra
 17729 | Lair:2   | Reached skill level 10 in Fighting
 18082 | Lair:2   | Noticed Fannar
 18101 | Lair:2   | Killed Fannar
 18175 | Lair:2   | Found a staircase to the Swamp.
 18218 | Lair:2   | Slain by a swamp worm

Illustrated notes

Levels and vault maps discovered:
D:1:      elethiomel_arrival_infinity_welcomes_careful_drivers, layout_basic
D:2:      minmay_chambers_of_ones, layout_basic, vehumet_crystals,
          minmay_ruptured, uniq_robin, uniq_sigmund
D:3:      layout_basic, nicolae_overflow_hidden_temple,
          chequers_serial_rivers_micro_e, serial_park_tiny_1, uniq_terence
D:4:      layout_rooms, serial_shops, shop, kennysheep_mini, shop_statue
D:5:      layout_rooms, temple_statues, ebering_ghost_inner_flame, serial_shops,
          shop, chequers_ossuary_entry_cave, uniq_eustachio
D:6:      layout_loops_ring, uniq_grinder, uniq_menkaure,
          uniq_crazy_yiuf_cottage, uniq_maggie
D:7:      layout_loops_cross, grunt_temple_overflow_holy_war, serial_shops,
          shop_fountains, shop, uniq_harold
D:8:      cheibrodos_shockbox, layout_basic, led_sif_book,
          nicolae_ru_sacrificial_ziggurat, david_lair_shrubbed,
          hangedman_little_slice_of_home
D:9:      layout_basic, serial_shops, nicolae_shop_statue_plus, basic_altar,
          jiyva_altar_1
Lair:1:   layout_small_grid, infiniplex_staircase_pool, lemuel_fruit_fields,
          lemuel_fruit_tree, lemuel_fruit_fields, serial_bayou_shore_b
Lair:2:   mu_elephants_graveyard, layout_cave_pods, minmay_swamp_entry_worms,
          st_stairs_5, lemuel_fruit_fields, uniq_fannar

Skill      XL: |  1  2  3  4  5  6  7  8  9 10 11 12 |
---------------+-------------------------------------+-----
Short Blades   | 1 2 3 5 6 7 |  7.7
Long Blades    | 1 2 3 5 6 7 |  7.7
Maces & Flails | 1 2 3 5 6 7 |  7.7
Polearms       | 1 2 3 5 6 7 |  7.7
Staves         | 1 2 3 5 6 7 |  7.7
Slings         | 1 2 3 5 6 7 |  7.7
Bows           | 1 2 3 5 6 7 |  7.7
Crossbows      | 1 2 3 5 6 7 |  7.7
Throwing       | 1 2 3 5 6 7 |  7.7
Stealth        | 1 2 3 5 6 7 |  7.7
Shields        | 1 2 3 5 6 7 |  7.7
Unarmed Combat | 1 2 3 5 6 7 |  7.7
Spellcasting   | 1 2 3 5 6 7 |  7.7
Evocations     | 1 2 3 5 6 7 |  7.7
Conjurations   | 1 2 3 4 5 6 |  6.3
Hexes          | 1 2 3 4 5 6 |  6.3
Summonings     | 1 2 3 4 5 6 |  6.3
Necromancy     | 1 2 3 4 5 6 |  6.3
Translocations | 1 2 3 4 5 6 |  6.3
Transmutations | 1 2 3 4 5 6 |  6.3
Fire Magic     | 1 2 3 4 5 6 |  6.3
Ice Magic      | 1 2 3 4 5 6 |  6.3
Air Magic      | 1 2 3 4 5 6 |  6.3
Earth Magic    | 1 2 3 4 5 6 |  6.3
Poison Magic   | 1 2 3 4 5 6 |  6.3
Dodging        | 3 4 5 6 7 8 |  8.1
Invocations    | 5 6 7 8 9 |  9.6
Axes           | 5 6 7 8 9 |  9.0
Armour         | 5 6 7 8 9 |  9.0
Fighting       | 7 8 9 10 | 10.1

Action                   |  1- 3 |  4- 6 |  7- 9 | 10-12 || total
-------------------------+-------+-------+-------+-------++-------
Melee: Falchion          |    79 |   126 |   277 |   679 ||  1161
       Bite              |     7 |    16 |    46 |   124 ||   193
       Punch             |       |     4 |     5 |     3 ||    12
       Headbutt          |       |       |       |   118 ||   118
       Broad axe         |       |       |       |    15 ||    15
Throw: Dart              |       |       |       |    15 ||    15
Invok: Depart the Abyss  |     1 |       |       |       ||     1
       Banish            |       |       |       |     7 ||     7
       Bend Space        |       |       |       |     2 ||     2
  Use: Potion            |     1 |       |     6 |     8 ||    15
       Scroll            |     9 |     2 |     8 |     5 ||    24
Armor: Leather armour    |    16 |    13 |       |       ||    29
       Scale mail        |       |     2 |       |       ||     2
       Chain mail        |       |    57 |   226 |   234 ||   517
       Plate armour      |       |       |       |   196 ||   196
       Skin              |       |       |       |     4 ||     4
Dodge: Dodged            |    76 |   100 |   179 |   254 ||   609
Block: Kite shield       |       |       |       |   399 ||   399
       Rpst.: Falchion   |    26 |    31 |    49 |    89 ||   195

Table legend: (Time is in decaauts)
 A = Elapsed time spent in this place.
 B = Non-inter-level travel time spent in this place.
 C = Inter-level travel time spent in this place.
 D = Time resting spent in this place.
 E = Time spent auto-exploring this place.
 F = Levels seen in this place.
 G = Mean time per level.
                   A        B        C        D        E       F      G
               +--------+--------+--------+--------+--------+-----+--------+
         Total |  18367 |  18004 |    363 |   4359 |  10309 |  13 | 1412.8 |
       Dungeon |  14636 |  14290 |    346 |   3534 |   8121 |   9 | 1626.2 |
          Lair |   3575 |   3559 |     16 |    825 |   2047 |   2 | 1787.5 |
         Abyss |    154 |    154 |      0 |      0 |    141 |   2 |   77.0 |
               +--------+--------+--------+--------+--------+-----+--------+

Top non-repeatable levels by time:
     D:8: 3961 daAuts
     D:6: 2325 daAuts
  Lair:2: 1806 daAuts
  Lair:1: 1769 daAuts
     D:9: 1650 daAuts
     D:2: 1608 daAuts
     D:1: 1260 daAuts
     D:4: 1058 daAuts
     D:7: 1029 daAuts
     D:3: 926 daAuts
     D:5: 814 daAuts
 Abyss:1: 147 daAuts
 Abyss:2: 7 daAuts
